 Dungeon Crawl Stone Soup version 0.26.0-91-g99b343417d (webtiles) character file.

Game seed: 520160253085730523

20218 swilekon the Thaumaturge (level 12, -8/61 HPs)
             Began as a Deep Elf Fire Elementalist on Feb 3, 2021.
             Was a Believer of Hepliaklqana.
             Mangled by a boulder beetle (56 damage)
             ... on level 8 of the Dungeon.
             The game lasted 00:32:35 (11202 turns).

swilekon the Thaumaturge (DEFE)                    Turns: 11202, Time: 00:32:36

Health: -8/61      AC:  6    Str:  5    XL:     12   Next: 43%
Magic:  27/31      EV: 18    Int: 26    God:    Hepliaklqana [**....]
Gold:   423        SH:  0    Dex: 15    Spells: 28/37 levels left

rFire    . . .     SeeInvis +   q - +5 dagger (drain)
rCold    . . .     Faith    .   (no shield)
rNeg     . . .     Spirit   .   C - +0 robe
rPois    .         Reflect  .   (no helmet)
rElec    .         Harm     .   (no cloak)
rCorr    .         Rampage  .   (no gloves)
Will     +....                  (no boots)
Stlth    +++.......             l - amulet of regeneration
HPRegen  0.60/turn              d - ring of see invisible
MPRegen  0.22/turn              h - +4 ring of protection

@: flying, hasted, very quick
A: reduced essence
a: Renounce Religion, Recall Ancestor, Ancestor Identity


You were on level 8 of the Dungeon.
You worshipped Hepliaklqana.
Hepliaklqana was pleased with you.
You visited 2 branches of the dungeon, and saw 9 of its levels.
You also visited: Sewer.

You collected 423 gold pieces.

Inventory:

Hand Weapons
 q - a +5 dagger of draining (weapon)
Armour
 C - a +0 robe (worn)
Jewellery
 d - a ring of see invisible (left hand)
 e - a +4 ring of evasion {unknown}
 h - a +4 ring of protection (right hand)
 l - an amulet of regeneration (around neck)
 p - an uncursed amulet of the acrobat
 t - an uncursed ring of protection from cold
 y - a +6 ring of strength {unknown}
 z - a +6 ring of dexterity {unknown}
 G - a +4 ring of protection
 I - a +6 ring of dexterity {unknown}
 J - an uncursed ring of magical power
 K - an uncursed amulet of faith {unknown}
Wands
 j - a wand of flame (14)
 o - a wand of digging (8)
 A - a wand of acid (8)
 B - a wand of random effects (13)
 E - a wand of disintegration (17)
 F - a wand of iceblast (8)
 L - a wand of enslavement (6)
Scrolls
 b - 5 scrolls of teleportation
 c - 5 scrolls of immolation
 k - 4 scrolls of remove curse
 u - a scroll of magic mapping
 D - a scroll of amnesia
 H - a scroll of fog
Potions
 f - 3 potions of attraction
 g - 4 potions of haste
 m - 4 potions of curing
 n - 2 potions of brilliance
 r - a potion of berserk rage {unknown}
 s - a potion of might {unknown}
 v - 2 potions of flight
 w - a potion of heal wounds
 x - a potion of ambrosia {unknown}


   Skills:
 - Level 5.2 Fighting
 + Level 5.0 Armour
 + Level 9.0 Dodging
 - Level 5.0 Stealth
 * Level 13.2 Spellcasting
 + Level 7.8 Conjurations
 * Level 11.4 Fire Magic


You had 28 spell levels left.
You knew the following spells:

 Your Spells              Type           Power        Failure   Level
a - Foxfire               Conj/Fire      100%         1%          1
b - Inner Flame           Hex/Fire       46%          1%          3
c - Fireball              Conj/Fire      30%          1%          5

Your spell library contained the following spells:

 Spells                   Type           Power        Failure   Level
 Conjure Flame            Conj/Fire      61%          1%          3
 Sticky Flame             Conj/Fire      61%          1%          4


Dungeon Overview and Level Annotations

Branches:
Dungeon (8/15)             Temple (1/1) D:4           Sewer (visited)
   Lair: D:8-11

Altars:
Ashenzari
Cheibriados
Dithmenos
Elyvilon
Fedhas
Gozag
Hepliaklqana
Kikubaaqudgha
Makhleb
Nemelex Xobeh
Okawaru
Qazlal
Ru
Trog
Uskayaw
Vehumet
Xom
Yredelemnul
Zin
The Shining One


Message History

Your Fighting skill increases to level 5!
Your Armour skill increases to level 5!
Your Dodging skill increases to level 9!
Your Spellcasting skill increases to level 13!
Your Fire Magic skill increases to level 11!
Training target 5.0 for Fighting reached!
You have reached level 12!
Your experience leads to an increase in your attributes!
Increase (S)trength, (I)ntelligence, or (D)exterity?
You feel clever. x2
May remembers more of her old skill.
You are too injured to fight recklessly!
It was a potion of flight.
You feel very buoyant.
You fly up into the air.
It was a potion of heal wounds.
You feel much better.
May hits the boulder beetle with a +0 flail!
The boulder beetle hits you!!!
Ouch! That really hurt!
You die...

# #......# #^..#...#...# #
#......# #...§...#...# # #......#
#...#v).#...#
#####......##########)##...#
...(.......##.......)..)...#
.####.#######......).......#
........# #......(.......# ###
#.###§#.# #...R.)........# #..
#..##.#.#####..B@..........####.#
..............°............'.....
##.##.#.#####°)............####.#
...<#.#.# #.......(####### #.#
###.#.#.# #........# #.# #.#.#.#
#........# #.# #.#.#.# #........#
#.# #...#.# #........# #.#
##..#.# #........#### #.#


You could see the friendly May the knight and a boulder beetle.

Vanquished Creatures
  An unseen horror (D:8)
  An ugly thing (D:8)
  A deep elf mage (D:8)
  Grinder (D:3)
  Prince Ribbit (D:6)
  Sigmund (D:3)
  Menkaure (D:5)
  2 water moccasins
  2 ice beasts (D:6)
  2 orc warriors
  A black bear (D:8)
  3 ogres
  A phantom (D:7)
  4 centaurs
  Blork the orc (D:6)
  4 big kobolds
  3 bullfrogs
  A scorpion (D:5)
  3 killer bees
  5 orc priests
  2 bullfrog skeletons (D:6)
  8 orc wizards
  Jessica (D:3)
  Ijyb (D:3)
  Natasha (thrice) (D:3)
  An iguana (D:6)
  4 worker ants
  2 knights
  Robin (D:3)
  10 gnolls
  14 adders
  A shadow imp (D:6)
  4 white imps
  An ufetubus (D:8)
  An ooze (D:1)
  An adder zombie (D:6)
  3 worms
  3 dart slugs (D:1)
  6 leopard geckos
  26 orcs
  7 bats
  3 giant cockroaches
  10 hobgoblins
  7 jackals
  5 quokkas
  5 ball pythons
  13 frilled lizards
  14 goblins
  28 kobolds
  A leopard gecko zombie (D:6)
  A quokka zombie (D:7)
  12 rats
238 creatures vanquished.

Vanquished Creatures (collateral kills)
  An orc warrior (D:8)
  An ogre (D:6)
  A bullfrog (D:7)
  2 hounds
  An orc priest (D:8)
  An iguana (D:5)
  An adder (D:6)
  2 orcs
  A jackal (D:5)
  A quokka (D:5)
  A ball python (D:5)
  A kobold (D:7)
  15 foxfires (Sewer)
29 creatures vanquished.

Vanquished Creatures (others)
  2 knights (D:8)
  2 ancestors
  1169 foxfires
  17 plants (Sewer)
1190 creatures vanquished.

Grand Total: 1457 creatures vanquished

Notes
Turn   | Place    | Note
-------+----------+-------------------------------------------
     0 | D:1      | swilekon the Deep Elf Fire Elementalist began the quest for
                  | the Orb.
     0 | D:1      | Reached XP level 1. HP: 10/10 MP: 6/6
   246 | D:1      | Reached XP level 2. HP: 15/15 MP: 1/8
  1050 | D:1      | Reached XP level 3. HP: 19/19 MP: 1/10
  1380 | D:2      | Reached skill level 4 in Spellcasting
  1518 | D:2      | Reached XP level 4. HP: 22/24 MP: 8/12
  1698 | D:2      | Learned a level 3 spell: Inner Flame
  2297 | D:2      | Reached XP level 5. HP: 28/28 MP: 4/13
  2885 | D:3      | Reached skill level 5 in Spellcasting
  2887 | D:3      | Noticed Natasha
  2889 | D:3      | Killed Natasha
  2890 | D:3      | Reached XP level 6. HP: 30/32 MP: 3/15
  2899 | D:3      | Noticed Sigmund
  3034 | D:3      | Noticed Ijyb
  3041 | D:3      | Killed Ijyb
  3115 | D:3      | Noticed Natasha
  3122 | D:3      | Killed Natasha
  3147 | D:3      | Killed Sigmund
  3148 | D:3      | Reached skill level 5 in Fire Magic
  3353 | D:3      | Reached XP level 7. HP: 36/36 MP: 13/17
  3461 | D:3      | Reached skill level 6 in Spellcasting
  3594 | D:3      | Noticed Jessica
  3597 | D:3      | Killed Jessica
  3602 | D:3      | Noticed Natasha
  3613 | D:3      | Killed Natasha
  3689 | D:3      | Noticed Grinder
  3698 | D:3      | Killed Grinder
  3896 | D:3      | Noticed Robin
  3911 | D:3      | Killed Robin
  4603 | D:4      | Found a staircase to the Ecumenical Temple.
  4613 | Temple   | Entered the Ecumenical Temple
  4802 | Temple   | Became a worshipper of Hepliaklqana the Forgotten
  5195 | D:5      | Entered Level 5 of the Dungeon
  5195 | D:5      | Found a glowing drain.
  5208 | D:5      | Reached skill level 5 in Stealth
  5211 | D:5      | Reached skill level 7 in Spellcasting
  5343 | D:5      | Learned a level 5 spell: Fireball
  5346 | Sewer    | Entered a sewer
  5547 | Sewer    | Reached XP level 8. HP: 37/37 MP: 17/20
  6753 | D:5      | Reached * piety under Hepliaklqana
  6952 | D:5      | Noticed Menkaure
  6962 | D:5      | Killed Menkaure
  6963 | D:5      | Reached skill level 1 in Armour
  6963 | D:5      | Reached skill level 5 in Dodging
  7332 | D:6      | Reached skill level 1 in Fighting
  7512 | D:6      | Noticed Blork the orc
  7517 | D:6      | Killed Blork the orc
  7518 | D:6      | Reached skill level 8 in Spellcasting
  7773 | D:6      | Noticed Prince Ribbit
  7779 | D:6      | Killed Prince Ribbit
  7816 | D:6      | Reached XP level 9. HP: 43/43 MP: 18/23
  8377 | D:6      | Reached skill level 9 in Spellcasting
  8377 | D:6      | Reached skill level 5 in Conjurations
  8734 | D:6      | You fall into a shaft and drop 1 floor!
  9258 | D:7      | Identified the +5 chain mail "Put-Me-On" {Int+4}
  9434 | D:7      | Found a bloodstained altar of Trog.
  9467 | D:7      | Reached ** piety under Hepliaklqana
  9468 | D:7      | Remembered your ancestor May as a knight
 10238 | D:8      | Reached skill level 10 in Spellcasting
 10562 | D:8      | Noticed a deep elf mage
 10566 | D:8      | Killed a deep elf mage
 10567 | D:8      | Reached XP level 10. HP: 50/50 MP: 16/26
 10709 | D:8      | Noticed an unseen horror
 10721 | D:8      | Killed an unseen horror
 10783 | D:8      | Noticed a cyan ugly thing
 10966 | D:8      | Killed a cyan ugly thing
 11081 | D:8      | Noticed a boulder beetle
 11199 | D:8      | Reached skill level 12 in Spellcasting
 11199 | D:8      | Reached skill level 10 in Fire Magic
 11199 | D:8      | Reached XP level 11. HP: 22/55 MP: 26/29
 11200 | D:8      | Reached skill level 5 in Fighting
 11200 | D:8      | Reached skill level 5 in Armour
 11200 | D:8      | Reached skill level 13 in Spellcasting
 11200 | D:8      | Reached XP level 12. HP: 25/61 MP: 27/31
 11202 | D:8      | Mangled by a boulder beetle

Illustrated notes

Levels and vault maps discovered:
D:1:      minmay_arrival_three_doors, layout_rooms, serial_glass,
          glass_columns_c, glass_columns_a, minmay_misc_feat_more_columns,
          minmay_small_reverse_x
D:2:      layout_loops_ring
D:3:      layout_basic, uniq_jessica, uniq_natasha, uniq_grinder, uniq_robin,
          uniq_ijyb, uniq_sigmund
D:4:      layout_rooms, minmay_temple_entry_nine_rooms,
          chequers_serial_rivers_small_a, chequers_big_river
D:5:      layout_loops_ring, cheibrodos_sewer_entry_sluice, serial_glass,
          glass_columns_b, glass_columns_c, uniq_menkaure
D:6:      minmay_spotlight, layout_cave_pods, uniq_blork_the_orc,
          uniq_prince_ribbit1
D:7:      layout_basic, hangedman_decor_clover_reticule, bloody_trog
D:8:      layout_basic, minmay_evil_grid
Temple:   regret_index_temple_chain_breaker

Skill      XL: |  1  2  3  4  5  6  7  8  9 10 11 |
---------------+----------------------------------+-----
Dodging        | 3 4 5 6 8 9 |  9.0
Spellcasting   | 4 5 7 8 10 12 13 | 13.2
Stealth        | 3 4 5 |  5.0
Fire Magic     | 4 5 6 7 8 10 11 | 11.4
Conjurations   | 2 3 4 5 7 |  7.8
Armour         | 2 3 4 5 |  5.0
Fighting       | 2 3 4 5 |  5.2

Action                   |  1- 3 |  4- 6 |  7- 9 | 10-12 || total
-------------------------+-------+-------+-------+-------++-------
Melee: Unarmed           |       |     1 |       |       ||     1
       Dagger            |       |       |    32 |       ||    32
 Cast: Foxfire           |   109 |   140 |   475 |    70 ||   794
       Inner Flame       |       |     1 |    10 |     1 ||    12
       Fireball          |       |       |     6 |     3 ||     9
Invok: Ancestor Identity |       |       |     1 |       ||     1
       Ancestor Life: Kn |       |       |     1 |       ||     1
  Use: Scroll            |       |    10 |     9 |     3 ||    22
       Potion            |       |       |       |     7 ||     7
 Stab: Sleeping          |       |       |     1 |       ||     1
Armor: Robe              |       |    14 |    10 |     2 ||    26
       Skin              |       |       |     7 |       ||     7
Dodge: Dodged            |     3 |    21 |    80 |    20 ||   124
